 Dungeon Crawl Stone Soup version 0.29.1-2-gbd0b4ee654 (webtiles) character file.

Game seed: 48214832166129746

2 qeuew the Chiller (level 1, -3/15 HPs)
             Began as a Naga Ice Elementalist on Nov 8, 2022.
             Slain by a gnoll
             ... wielding a +0 flail
              (7 damage)
             ... on level 1 of the Dungeon.
             The game lasted 00:00:34 (265 turns).

qeuew the Chiller (Naga Ice Elementalist)            Turns: 265, Time: 00:00:36

Health: -3/15      AC:  1    Str: 10    XL:     1   Next: 40%
Magic:  1/3        EV:  9    Int: 15    God:
Gold:   14         SH:  0    Dex: 11    Spells: 3/4 levels left

rFire   . . .      SeeInvis +   (no weapon)
rCold   . . .      Faith    .   (no shield)
rNeg    . . .      Spirit   .   a - +0 robe
rPois   +          Reflect  .   (no helmet)
rElec   .          Harm     .   (no cloak)
rCorr   .          Rampage  .   (no gloves)
Will    .....                   (no barding)
Stlth   ++........              (no amulet)
HPRegen 0.05/turn               (no ring)
MPRegen 0.08/turn               (no ring)

@: very slow
A: AC +0, large, see invisible, deformed body, poison resistance, slowness 2,
spit poison 1, naga tail 1
a: Spit Poison


You were on level 1 of the Dungeon.
You visited 1 branch of the dungeon, and saw 1 of its levels.

You collected 14 gold pieces.

Inventory:

Armour
 a - a +0 robe (worn)
Potions
 b - a potion of magic
 c - a potion of mutation {unknown}


   Skills:
 + Level 0.1 Fighting
 + Level 0.1 Armour
 + Level 1.6 Dodging
 - Level 3.0 Stealth
 + Level 2.0 Spellcasting
 + Level 4.0 Ice Magic


You had 3 spell levels left.
You knew the following spells:

 Your Spells              Type           Power      Damage    Failure   Level
a - Freeze                Ice            52%        1d7       4%          1

Your spell library contained the following spells:

 Spells                   Type           Power      Damage    Failure   Level
 Frozen Ramparts          Ice            26%        1d4       13%         3
 Ozocubu's Armour         Ice            13%        N/A       13%         3
 Hailstorm                Conj/Ice       7%         3d4       67%         4


Dungeon Overview and Level Annotations

Branches:
Dungeon (1/15)

Altars:


Innate Abilities, Weirdness & Mutations

Your serpentine skin is tough. (AC +0)
You have supernaturally acute eyesight. (SInv)
Armour fits poorly on your strangely shaped body.
Your system is resistant to poisons. (rPois)
You cover ground very slowly.
You can spit poison.
You have a snake-like lower body.


Message History

No target in view!
No target in view!
c - a green potion You enter the shallow water.
Moving in this stuff is going to be slow.
You enter the shallow water.
Moving in this stuff is going to be slow.
You now have 7 gold pieces.
A ball python comes into view.
Found a stone staircase leading down.
A ball python is nearby!
The ball python hisses angrily.
The ball python bites you.
The ball python bites you but does no damage.
You freeze the ball python.
The ball python is heavily wounded.
The ball python bites you but does no damage.
A ball python is nearby!
You freeze the ball python.
You kill the ball python!
HP restored.
As you open the door, it creaks loudly!
You open the door.
There is an open door here.
You now have 14 gold pieces (gained 7).
A gnoll comes into view. It is wielding a +0 flail.
The gnoll shouts!
Found 6 stones.
The gnoll hits you with a +0 flail. x2
You freeze the gnoll.
The gnoll is moderately wounded.
The gnoll hits you with a +0 flail.
* * * LOW HITPOINT WARNING * * *
You are too injured to fight recklessly!
Aiming: Freeze (safe; 4% risk of failure)
Press: ? - help, Q - select action, (/) - cycle Shift-Dir - straight line, f/p - gnoll
Aim: a gnoll, wielding a +0 flail (moderately wounded)
You freeze the gnoll.
The gnoll is severely wounded.
The gnoll hits you with a +0 flail!
You die...

#......#....#########
#......##'#........##
#......##.#.###......
#......##.#.. .....
#..#......#... ....
#..#.######.... ###
#. #.# .. ..... # #
#.#.#####.. #
#@.....^..>.######
#..g....#####.....[..
#(......+ ..........
#.......# ..........
#.......# ..........
#.....$.. ..........
#......... ..........
#.#..#+#.#..####.....
#.....


You could see a gnoll.

Vanquished Creatures
  A ball python (D:1)
  A frilled lizard (D:1)
  A kobold (D:1)
3 creatures vanquished.

Notes
Turn   | Place    | Note
-------+----------+-------------------------------------------
     0 | D:1      | qeuew the Naga Ice Elementalist began the quest for the
                  | Orb.
     0 | D:1      | Reached XP level 1. HP: 15/15 MP: 3/3
   265 | D:1      | Slain by a gnoll

Illustrated notes

Levels and vault maps discovered:
D:1:      lightli_arrival_isolated_outpost, layout_basic

Action                   || total
-------------------------++-------
 Cast: Freeze            ||     6
Armor: Robe              ||     2
